Map: New Repugnancy LE

Players

Mamba

  • Race: Zerg Zerg
  • Spawn Location: 1:00

Lambo - Winner!

  • Race: Zerg Zerg
  • Spawn Location: 7:00

Event: IEM Season 13: Katowice (2019)

VOD

Have the link to the VOD?

Description

Time

  • Played on: Feb. 26, 2019, 10:12 a.m.
  • Length: 7:31

All games in this series

Show
View Real Time Build Order
Export as new Build Order

Mamba Zerg 

Build Orders: Hatch First 

Get SALT Encoding   

  12  0:01  Drone  
  13  0:13  Overlord  
  13  0:17  Drone  
  14  0:31  Drone x2  
  16  0:49  Hatchery  
  15  0:52  Drone  
  15  0:55  Drone  
  17  0:59  Drone  
  18  1:11  Extractor  
  17  1:14  Spawning Pool  
  17  1:17  Drone  
  17  1:20  Drone  
  18  1:29  Drone  
  19  1:40  Drone  
  20  1:50  Drone  
  21  2:00  Queen  
  21  2:01  Queen  
  25  2:02  Overlord  
  25  2:03  Drone  
  26  2:11  Metabolic Boost  
  26  2:15  Drone x2  
  28  2:23  Drone x2  
  30  2:33  Overlord  
  30  2:35  Drone  
  31  2:38  Queen  
  33  2:46  Drone x2  
  33  2:49  Evolution Chamber  
  34  3:01  Overlord  
  34  3:09  Zergling x18  
  43  3:18  Zerg Ground Armor Level 1  
  43  3:19  Overlord  
  43  3:24  Zergling x2  
  44  3:33  Drone x2  
  46  3:43  Zergling x10  
  46  3:47  Zergling x2  
  46  3:48  Zergling x4  
  54  3:51  Lair  
  54  3:53  Drone  
  54  3:54  Drone  
  55  4:06  Zergling x4  
  57  4:14  Drone x3  
  57  4:16  Extractor  
  59  4:17  Extractor  
  59  4:18  Overlord  
  59  4:20  Roach Warren  
  59  4:22  Overlord  
  56  4:27  Drone x3  
  59  4:32  Drone  
  59  4:33  Overlord  
  60  4:39  Overlord  
  59  4:48  Zergling x8  
  63  4:57  Drone x5  
  63  4:59  Glial Reconstitution  
  67  5:08  Queen  
  67  5:11  Roach x2  
  61  5:16  Drone  
  61  5:19  Drone x4  
  52  5:30  Roach x2  
  53  5:36  Drone x3  
  56  5:43  Roach  
  54  5:51  Roach  
  56  5:59  Roach x2  
  56  6:01  Zergling x4  
  60  6:06  Roach  
  60  6:09  Drone  
  58  6:12  Roach  
  58  6:16  Queen  
  58  6:18  Drone  
  56  6:25  Drone x3  
  59  6:29  Drone x2  
  59  6:31  Drone  
  62  6:39  Roach x3  
  68  6:50  Hatchery  
  68  6:53  Roach  
  69  6:58  Roach x2  
  73  7:03  Roach x2  
  73  7:06  Roach  
  79  7:10  Roach x2  
Show
View Real Time Build Order
Export as new Build Order

Lambo Zerg - Winner!

Build Orders: Hatch First 

Get SALT Encoding   

  12  0:00  Drone  
  13  0:13  Overlord  
  13  0:17  Drone  
  14  0:31  Drone x2  
  16  0:49  Hatchery  
  15  0:51  Drone  
  15  0:55  Drone  
  17  0:58  Drone  
  18  1:08  Extractor  
  17  1:13  Spawning Pool  
  17  1:16  Drone  
  17  1:20  Drone  
  18  1:28  Drone  
  19  1:39  Drone  
  20  1:51  Overlord  
  20  2:00  Queen x2  
  25  2:01  Zergling x4  
  26  2:09  Metabolic Boost  
  26  2:11  Drone  
  26  2:12  Drone  
  28  2:23  Drone x2  
  30  2:34  Drone x2  
  32  2:42  Hatchery  
  31  2:49  Drone  
  32  2:54  Overlord  
  32  2:55  Drone  
  32  3:03  Drone  
  33  3:09  Drone x2  
  33  3:10  Overlord  
  33  3:12  Drone  
  36  3:14  Zergling x8  
  36  3:19  Evolution Chamber  
  39  3:21  Overlord  
  39  3:27  Drone  
  39  3:32  Zergling x2  
  41  3:35  Zergling x2  
  41  3:36  Roach Warren  
  41  3:40  Zergling x8  
  44  3:45  Zergling x4  
  46  3:49  Zergling x4  
  46  3:51  Zerg Missile Weapons Level 1  
  48  4:00  Zergling x6  
  51  4:06  Drone  
  52  4:11  Zergling x6  
  52  4:12  Zergling x2  
  52  4:14  Zergling x6  
  58  4:24  Drone  
  58  4:25  Drone x3  
  58  4:29  Drone x2  
  58  4:30  Lair  
  64  4:33  Drone  
  64  4:34  Extractor  
  65  4:38  Drone  
  65  4:43  Drone  
  66  4:47  Overlord  
  66  4:50  Overlord  
  66  4:53  Overlord  
  66  5:00  Extractor, Overlord  
  62  5:07  Zergling x8  
  62  5:12  Zergling x8  
  67  5:18  Drone  
  67  5:20  Drone x5  
  68  5:22  Drone x2  
  68  5:23  Drone  
  68  5:24  Queen  
  68  5:30  Drone  
  68  5:33  Drone x2  
  69  5:41  Drone x2  
  67  5:44  Glial Reconstitution  
  67  5:48  Drone  
  68  5:52  Roach  
  68  5:55  Roach x4  
  78  6:01  Roach x3  
  82  6:05  Roach x2  
  82  6:08  Roach  
  82  6:10  Extractor  
  81  6:19  Drone x3  
  81  6:22  Overlord  
  81  6:24  Roach x3  
  89  6:32  Overlord x2  
  88  6:34  Overlord  
  88  6:38  Overlord  
  88  6:42  Overlord  
  88  6:45  Roach x5  
  98  6:49  Overlord  
  98  6:52  Overseer, Overlord  
  98  6:54  Roach x4  
  98  6:57  Roach  
  98  7:01  Roach x2  
  112  7:03  Overlord  
  112  7:05  Roach  
  112  7:06  Ravager x2  
  112  7:08  Roach  
  117  7:18  Drone  
  117  7:19  Drone x3  

Tags
 
Add a new tag
Caveats
  • Supply blocks, unpowered buildings, or Contaminate may cause inaccurate times.
  • Supply counts are checked every 10 seconds.